 Dungeon Crawl Stone Soup version 0.28-a0-1292-gb4563b27b3 (webtiles) character file.

Game seed: 2652089454237132242

54 Cheeritup the Insei (level 3, -3/24 HPs)
             Began as a Merfolk Transmuter on Dec 27, 2021.
             Was a Follower of Hepliaklqana.
             Slain by an orc (6 damage)
             ... on level 3 of the Dungeon.
             The game lasted 00:09:42 (1236 turns).

Cheeritup the Insei (Merfolk Transmuter)            Turns: 1236, Time: 00:09:43

Health: -3/24      AC:  2    Str: 10    XL:     3   Next: 91%
Magic:  2/6        EV: 12    Int: 14    God:    Hepliaklqana [*.....]
Gold:   88         SH:  3    Dex: 14    Spells: 3/6 levels left

rFire   . . .      SeeInvis .   b - +0 trident
rCold   . . .      Faith    .   f - +0 buckler
rNeg    . . .      Spirit   .   a - +0 robe
rPois   .          Reflect  .   (helmet currently unavailable)
rElec   .          Harm     .   (no cloak)
rCorr   .          Rampage  .   (no gloves)
Will    .....                   (boots currently unavailable)
Stlth   +.........              (no amulet)
HPRegen 0.08/turn               (no ring)
MPRegen 0.10/turn               (no ring)

@: appendages, wereblooded
A: horns 2, reduced essence, (nimble swimmer 2), mertail
a: End Transformation, Renounce Religion, Recall Ancestor, Ancestor Identity


You were on level 3 of the Dungeon.
You worshipped Hepliaklqana.
Hepliaklqana was aware of your devotion.
You had temporarily grown beastly horns.
You visited 1 branch of the dungeon, and saw 4 of its levels.

You collected 88 gold pieces.

Inventory:

Hand Weapons
 b - a +0 trident (weapon)
Missiles
 k - 5 boomerangs
Armour
 a - a +0 robe (worn)
 f - a +0 buckler (worn)
Scrolls
 c - a scroll of teleportation {unknown}
 d - a scroll of amnesia {unknown}
 h - a scroll of identify {unknown}
 i - a scroll of silence {unknown}
Potions
 e - a potion of attraction {unknown}
 g - a potion of heal wounds {unknown}
 j - a potion of curing {unknown}


   Skills:
 * Level 1.7 Fighting
 + Level 2.0 Polearms
 * Level 3.2 Dodging
 + Level 0.3 Stealth
 * Level 3.8 Unarmed Combat
 * Level 2.3 Spellcasting
 * Level 3.0 Transmutations


You had 3 spell levels left.
You knew the following spells:

 Your Spells              Type           Power      Damage    Failure   Level
a - Beastly Appendage     Tmut           20%        N/A       11%         1
b - Wereblood             Tmut           10%        N/A       17%         2

Your spell library contained the following spells:

 Spells                   Type           Power      Damage    Failure   Level
 Corpse Rot               Necr/Air       2%         N/A       52%         2
 Spider Form              Tmut/Pois      5%         N/A       54%         3
 Ice Form                 Ice/Tmut       5%         N/A       91%         4
 Dispel Undead            Necr           1%         3d6       98%         4
 Death Channel            Necr           0%         N/A       100%        6


Dungeon Overview and Level Annotations

Branches:
Dungeon (4/15)
 Temple: D:4-7

Altars:
Hepliaklqana

Shops:
D:3 (


Innate Abilities, Weirdness & Mutations

You have temporarily grown beastly horns.
Your life essence is reduced to manifest your ancestor. (-10% HP)
((You are very nimble when in or above water. (Stealth+, EV+, Speed+++)))
Your lower body shifts to a powerful aquatic tail in water.


Message History

2 orcs come into view.
The orc shouts!
The orc moves out of view.
You swap places.
You swap places.
An orc comes into view. It is wielding a +0 club.
The orc shouts!
You puncture the goblin!
You kill the goblin!
You swap places.
Casting: Beastly Appendage (safe; 12% risk of failure)
Press: ? - help, Q - select action, (/) - cycle Dir - look around, f - activate You miscast Beastly Appendage.
You are very lightly contaminated with residual magic.
Nothing appears to happen.
The orc closely misses Sosibius.
Casting: Beastly Appendage (safe; 12% risk of failure)
Press: ? - help, Q - select action, (/) - cycle Dir - look around, f - activate You grow a pair of large bovine horns.
The orc hits Sosibius with a +0 short sword!
The orc hits Sosibius with a +0 club.
Sosibius is destroyed!
Casting: Beastly Appendage (safe; 12% risk of failure)
Confirm with . or Enter, or press ? or * to list all spells.
Your blood is infused with primal strength.
You hit the orc. Your headbutt misses the orc.
The orc is lightly wounded.
The orc hits you but does no damage. You block the orc's attack.
You closely miss the orc. The orc closely misses you.
You hit the orc but do no damage. You headbutt the orc, but do no damage.
The orc closely misses you. The orc barely misses you.
The orc hits you with a +0 hand axe.
You hit the orc.
You feel a bit better.
You kill the orc!
The orc closely misses you. The orc hits you with a +0 club. x2
The orc hits you with a +0 short sword.
* * * LOW HITPOINT WARNING * * *
Your magical contamination has completely faded away.
The orc hits you with a +0 short sword.
You die...

#...# #..... .#.#!.#
#..### # ...#.# #..... .
#.## .∩..## #..#..
..##.#.#...#.# #.....
...[....#.#..# #..###
#...oo#...# #..#
##..)o....###### #..###
#....o@.††.....# #.....
#........<†####.# #...##
#................###...#
............####.......#
###...................##
##......#############
##.##### ##


You could see 4 orcs.

Vanquished Creatures
  2 adders
  A dart slug (D:1)
  An orc (D:3)
  4 ball pythons
  3 bats (D:1)
  2 endoplasms (D:1)
  2 giant cockroaches
  3 goblins
  2 hobgoblins
  2 jackals (D:3)
  A quokka (D:1)
  2 frilled lizards
  2 kobolds (D:1)
  4 rats
31 creatures vanquished.

Vanquished Creatures (collateral kills)
  A jackal (D:3)
1 creature vanquished.

Vanquished Creatures (others)
  An ancestor (D:3)
1 creature vanquished.

Grand Total: 33 creatures vanquished

Notes
Turn   | Place    | Note
-------+----------+-------------------------------------------
     0 | D:1      | Cheeritup the Merfolk Transmuter began the quest for the
                  | Orb.
     0 | D:1      | Reached XP level 1. HP: 15/15 MP: 3/3
   187 | D:1      | Reached XP level 2. HP: 20/21 MP: 5/5
   191 | D:1      | Learned a level 2 spell: Wereblood
   400 | D:1      | Reached skill level 1 in Polearms
   740 | D:2      | Reached XP level 3. HP: 27/27 MP: 2/6
   809 | D:2      | You fall into a shaft and drop 2 floors!
  1148 | D:3      | Found a faded altar of an unknown god.
  1181 | D:3      | Prayed at the altar of an unknown god.
  1181 | D:3      | Became a worshipper of Hepliaklqana the Forgotten
  1181 | D:3      | Reached * piety under Hepliaklqana
  1209 | D:3      | Found Teica Fell's Weapon Shop.
  1236 | D:3      | Slain by an orc

Illustrated notes

Levels and vault maps discovered:
D:1:      amcnicky_arrival_underground_garden, layout_rooms, nrook_mini_vaults
D:2:      layout_basic, serial_shops, nicolae_diamond_shop, uniq_robin
D:3:      layout_loops_ring, hellmonk_ecumenical_altar_lost_god, serial_shops,
          nicolae_diamond_shop, kennysheep_cross_bottleneck,
          minmay_misc_feat_five, saegor_snake_ambush, uniq_sigmund
D:4:      layout_loops_ring, marbit_many_paths, serial_shops,
          nicolae_shop_trees, kennysheep_minor_cross, serial_park_tiny_2,
          kennysheep_generic_room_6

Skill      XL: |  1  2  3 |
---------------+----------+-----
Dodging        | 3 |  3.2
Polearms       | 1 2 |  2.0
Transmutations | 3 |  3.0
Fighting       | |  1.7
Stealth        | |  0.3
Unarmed Combat | |  3.8
Spellcasting   | |  2.3

Action                   || total
-------------------------++-------
Melee: Trident           ||    73
       Unarmed           ||     5
       Headbutt          ||     3
       Punch             ||     2
 Cast: Beastly Appendage ||     8
       Wereblood         ||     4
 Stab: Sleeping          ||     1
Armor: Robe              ||    13
Dodge: Dodged            ||    62
Block: Buckler           ||     3

Table legend: (Time is in decaauts)
 A = Elapsed time spent in this place.
 B = Non-inter-level travel time spent in this place.
 C = Inter-level travel time spent in this place.
 D = Time resting spent in this place.
 E = Time spent auto-exploring this place.
 F = Levels seen in this place.
 G = Mean time per level.
                   A        B        C        D        E       F      G
               +--------+--------+--------+--------+--------+-----+--------+
         Total |   1253 |   1246 |      7 |    434 |    419 |   4 |  313.2 |
       Dungeon |   1253 |   1246 |      7 |    434 |    419 |   4 |  313.2 |
               +--------+--------+--------+--------+--------+-----+--------+

Top non-repeatable levels by time:
     D:1: 713 daAuts
     D:3: 359 daAuts
     D:2: 108 daAuts
     D:4: 73 daAuts
